[ AOE2 MATCH · #476680976 ]
UnrankedBurmese vs Armenians
[ REPLAY ANALYSIS · EXTRACTED FROM THE RECORDED GAME ]
Feudal
7:36
Castle
11:10
Imperial
24:03
| APM avg | 38.9 |
| APM peak | 82 |
| eAPM avg | 27.0 |
| Villagers / military | 232 / 1612 |
Focus
⚔️ 51.2% · 🌾 48.8%
Battle Elephant ×1539 · Trade Cart ×127 · Bombard Cannon ×68 · Monk ×5
Feudal
—
Castle
—
Imperial
—
| APM avg | 29.0 |
| APM peak | 63 |
| eAPM avg | 23.8 |
| Villagers / military | 133 / 1936 |
Focus
⚔️ 58.1% · 🌾 41.9%
Militia ×1325 · Spearman ×578 · Unknown (882) ×211 · Trade Cart ×77 · Battering Ram ×20 · Trebuchet (Packed) ×10
Feudal
7:21
Castle
11:19
Imperial
24:31
| APM avg | 48.5 |
| APM peak | 95 |
| eAPM avg | 33.2 |
| Villagers / military | 299 / 1183 |
Focus
⚔️ 50.3% · 🌾 49.7%
Serjeant ×523 · Skirmisher ×436 · Battering Ram ×90 · Scorpion ×83 · Trade Cart ×53 · Mangonel ×51
Feudal
6:46
Castle
10:41
Imperial
23:21
| APM avg | 59.8 |
| APM peak | 110 |
| eAPM avg | 38.4 |
| Villagers / military | 156 / 1689 |
Focus
⚔️ 69.3% · 🌾 30.7%
Scout Cavalry ×713 · Battle Elephant ×711 · Ballista Elephant ×130 · Scorpion ×115 · Trade Cart ×100 · Trebuchet (Packed) ×13
Feudal
7:11
Castle
11:07
Imperial
30:51
| APM avg | 52.1 |
| APM peak | 94 |
| eAPM avg | 36.6 |
| Villagers / military | 226 / 1971 |
Focus
⚔️ 58.5% · 🌾 41.5%
Spearman ×785 · Steppe Lancer ×647 · Fire Lancer ×431 · Unknown (1908) ×66 · Scout Cavalry ×54 · Trade Cart ×53
Feudal
9:44
Castle
13:14
Imperial
16:49
| APM avg | 48.4 |
| APM peak | 118 |
| eAPM avg | 33.4 |
| Villagers / military | 298 / 1280 |
Focus
⚔️ 56.3% · 🌾 43.7%
Camel Scout ×621 · Cataphract ×471 · Archer ×81 · Trade Cart ×80 · Scout Cavalry ×51 · Hand Cannoneer ×32
Feudal
7:15
Castle
11:10
Imperial
25:06
| APM avg | 53.6 |
| APM peak | 101 |
| eAPM avg | 29.8 |
| Villagers / military | 212 / 967 |
Focus
⚔️ 37.2% · 🌾 62.8%
Mangudai ×736 · Skirmisher ×125 · Trade Cart ×70 · Battering Ram ×57 · Mangonel ×40 · Trebuchet (Packed) ×9
Feudal
7:22
Castle
10:55
Imperial
20:17
| APM avg | 51.2 |
| APM peak | 95 |
| eAPM avg | 31.0 |
| Villagers / military | 189 / 991 |
Focus
⚔️ 50.4% · 🌾 49.6%
Genoese Crossbowman ×521 · Scout Cavalry ×367 · Trade Cart ×79 · Bombard Cannon ×38 · Mangonel ×35 · Battering Ram ×14
Match map
Initial resources + every placement click. Lines = walls · curves = elevation contours. ◆ gold · ⬟ stone · ● berries · ✦ relic · ◌ wall gap
Your base· ✓ Closed at 11:10 · 1t walls · 7 gate(s)
AttilathePun463's base· ✓ Closed at 8:58 · 0t walls · 7 gate(s)
ĐLucky's base· ✓ Closed at 11:19 · 0t walls · 4 gate(s)
JB's base· ✓ Closed at 10:41 · 0t walls · 7 gate(s)
Shiva's base· ✓ Closed at 11:07 · 0t walls · 7 gate(s)
MarginCall's base· ✓ Closed at 13:14 · 1t walls · 8 gate(s)
DL-ĐệNhị's base· ✓ Closed at 11:10 · 0t walls · 8 gate(s)
Lubbock's base· ✓ Closed at 10:55 · 2t walls · 7 gate(s)
Smoothed initial terrain · ◌ = detected wall gap · hover for details
Inputs per minute
— robo_boro - - AttilathePun463
Build order — robo_boro
First 150 of 1363 actions detected
| 0:01 | Create | Villager (Male) |
| 0:01 | Create | Villager (Male) |
| 0:01 | Create | Villager (Male) |
| 0:01 | Create | Villager (Male) |
| 0:01 | Create | Villager (Male) |
| 0:02 | Create | Villager (Male) |
| 0:02 | Create | Villager (Male) |
| 0:02 | Create | Villager (Male) |
| 0:02 | Create | Villager (Male) |
| 0:02 | Create | Villager (Male) |
| 0:06 | Build | Lumber Camp |
| 0:11 | Build | Mill |
| 0:13 | Build | Lumber Camp |
| 1:19 | Create | Villager (Male) |
| 1:19 | Create | Villager (Male) |
| 1:56 | Create | Villager (Male) |
| 1:57 | Create | Villager (Male) |
| 2:05 | Create | Villager (Male) |
| 2:05 | Create | Villager (Male) |
| 2:48 | Create | Villager (Male) |
| 2:48 | Create | Villager (Male) |
| 3:05 | Create | Villager (Male) |
| 3:20 | Create | Villager (Male) |
| 3:53 | Build | Lumber Camp |
| 4:00 | Build | Lumber Camp |
| 4:14 | Build | Farm |
| 4:17 | Build | Farm |
| 4:19 | Build | Farm |
| 4:32 | Create | Villager (Male) |
| 4:33 | Create | Villager (Male) |
| 5:15 | Build | Mining Camp |
| 5:18 | Research | Feudal Age |
| 5:56 | Create | Villager (Male) |
| 5:56 | Create | Villager (Male) |
| 7:36 | Age | Feudal Age |
| 7:37 | Build | Market |
| 7:41 | Build | Blacksmith |
| 8:30 | Research | Castle Age |
| 8:39 | Build | Palisade Wall |
| 8:54 | Research | Horse Collar |
| 8:54 | Research | Horse Collar |
| 8:54 | Research | Horse Collar |
| 9:17 | Create | Villager (Male) |
| 11:10 | Age | Castle Age |
| 11:11 | Build | Town Center |
| 11:14 | Build | Town Center |
| 11:15 | Research | Heavy Plow |
| 11:16 | Research | Heavy Plow |
| 11:18 | Create | Villager (Male) |
| 11:34 | Build | Monastery |
| 11:53 | Create | Villager (Male) |
| 12:09 | Create | Villager (Male) |
| 12:22 | Create | Monk |
| 12:30 | Build | Farm |
| 12:31 | Create | Villager (Male) |
| 12:33 | Build | Farm |
| 12:35 | Create | Villager (Male) |
| 12:35 | Create | Villager (Male) |
| 12:37 | Build | Farm |
| 12:38 | Build | Farm |
| 12:42 | Build | Farm |
| 12:49 | Create | Villager (Male) |
| 12:51 | Create | Villager (Male) |
| 12:57 | Build | Farm |
| 12:59 | Create | Villager (Male) |
| 13:00 | Create | Villager (Male) |
| 13:02 | Build | Farm |
| 13:19 | Build | Farm |
| 13:22 | Create | Villager (Male) |
| 13:25 | Create | Monk |
| 13:30 | Create | Villager (Male) |
| 13:35 | Build | Farm |
| 13:39 | Build | Farm |
| 13:41 | Create | Villager (Male) |
| 13:46 | Create | Villager (Male) |
| 13:54 | Build | Farm |
| 13:58 | Build | Farm |
| 14:00 | Create | Villager (Male) |
| 14:00 | Create | Villager (Male) |
| 14:01 | Create | Villager (Male) |
| 14:11 | Create | Villager (Male) |
| 14:11 | Create | Villager (Male) |
| 14:13 | Build | Farm |
| 14:17 | Build | Farm |
| 14:22 | Create | Villager (Male) |
| 14:22 | Create | Villager (Male) |
| 14:25 | Build | House |
| 14:26 | Build | House |
| 14:28 | Create | Villager (Male) |
| 14:30 | Build | Farm |
| 14:36 | Create | Villager (Male) |
| 14:37 | Create | Villager (Male) |
| 14:47 | Create | Villager (Male) |
| 14:47 | Create | Villager (Male) |
| 14:47 | Create | Villager (Male) |
| 14:47 | Build | Farm |
| 14:52 | Build | Farm |
| 14:55 | Create | Villager (Male) |
| 14:55 | Create | Villager (Male) |
| 15:03 | Build | Farm |
| 15:07 | Create | Villager (Male) |
| 15:07 | Create | Villager (Male) |
| 15:07 | Create | Villager (Male) |
| 15:07 | Create | Villager (Male) |
| 15:10 | Build | Farm |
| 15:23 | Create | Villager (Male) |
| 15:23 | Create | Villager (Male) |
| 15:23 | Create | Villager (Male) |
| 15:36 | Create | Villager (Male) |
| 15:37 | Create | Villager (Male) |
| 15:37 | Create | Villager (Male) |
| 15:53 | Create | Villager (Male) |
| 15:59 | Build | Town Center |
| 16:05 | Research | Wheelbarrow |
| 16:05 | Research | Wheelbarrow |
| 16:06 | Create | Villager (Male) |
| 16:06 | Create | Villager (Male) |
| 16:17 | Create | Villager (Male) |
| 16:17 | Create | Villager (Male) |
| 16:31 | Build | Farm |
| 16:34 | Build | Farm |
| 16:42 | Create | Villager (Male) |
| 16:44 | Build | Farm |
| 16:46 | Build | Farm |
| 16:49 | Build | Farm |
| 16:52 | Build | Farm |
| 16:53 | Create | Villager (Male) |
| 16:59 | Create | Villager (Male) |
| 17:05 | Build | Mining Camp |
| 17:14 | Create | Monk |
| 17:21 | Create | Villager (Male) |
| 17:21 | Create | Villager (Male) |
| 17:24 | Build | House |
| 17:26 | Build | House |
| 17:27 | Create | Villager (Male) |
| 17:28 | Create | Villager (Male) |
| 17:30 | Build | Farm |
| 17:34 | Create | Villager (Male) |
| 17:42 | Create | Villager (Male) |
| 17:42 | Create | Villager (Male) |
| 17:59 | Create | Villager (Male) |
| 17:59 | Create | Villager (Male) |
| 18:04 | Research | Hand Cart |
| 18:04 | Research | Hand Cart |
| 18:09 | Create | Villager (Male) |
| 18:16 | Create | Villager (Male) |
| 18:16 | Create | Villager (Male) |
| 18:16 | Create | Villager (Male) |
| 18:16 | Create | Villager (Male) |
| 18:19 | Build | Farm |
Build order — AttilathePun463
First 150 of 929 actions detected
| 0:02 | Create | Villager (Male) ×4 |
| 0:18 | Build | Mule Cart |
| 0:43 | Build | Mill |
| 0:44 | Create | Villager (Male) |
| 1:14 | Create | Villager (Male) |
| 1:42 | Create | Villager (Male) |
| 2:01 | Create | Villager (Male) |
| 2:16 | Create | Villager (Male) |
| 2:32 | Create | Villager (Male) |
| 2:53 | Create | Villager (Male) |
| 2:54 | Create | Villager (Male) |
| 3:17 | Create | Villager (Male) |
| 3:20 | Create | Villager (Male) |
| 4:10 | Create | Villager (Male) |
| 4:12 | Create | Villager (Male) |
| 4:12 | Create | Villager (Male) |
| 4:13 | Create | Villager (Male) |
| 4:13 | Create | Villager (Male) |
| 4:53 | Research | Feudal Age |
| 5:02 | Build | Farm |
| 5:47 | Create | Villager (Male) |
| 5:59 | Build | Farm |
| 6:04 | Build | Farm |
| 6:08 | Build | Farm |
| 6:14 | Build | Farm |
| 6:18 | Create | Villager (Male) |
| 7:03 | Create | Villager (Male) |
| 7:10 | Build | Market |
| 7:13 | Build | Blacksmith |
| 8:58 | Research | Castle Age |
| 9:24 | Build | Mule Cart |
| 10:37 | Build | Mule Cart |
| 11:36 | Create | Villager (Male) |
| 11:47 | Build | Town Center |
| 11:59 | Create | Villager (Male) |
| 12:11 | Research | Double-Bit Axe |
| 12:13 | Research | Horse Collar |
| 13:11 | Create | Villager (Male) |
| 13:13 | Create | Villager (Male) |
| 13:17 | Create | Villager (Male) |
| 13:17 | Create | Villager (Male) |
| 13:25 | Build | Town Center |
| 13:43 | Create | Villager (Male) |
| 13:43 | Create | Villager (Male) |
| 13:45 | Build | Farm |
| 13:57 | Create | Villager (Male) |
| 13:57 | Create | Villager (Male) |
| 13:57 | Create | Villager (Male) |
| 13:57 | Create | Villager (Male) |
| 14:07 | Build | Farm |
| 14:21 | Research | Bow Saw |
| 14:30 | Build | Farm |
| 15:04 | Create | Villager (Male) |
| 15:04 | Create | Villager (Male) |
| 15:05 | Create | Villager (Male) |
| 15:20 | Build | Monastery |
| 15:24 | Build | Farm |
| 15:26 | Build | Farm |
| 15:28 | Create | Villager (Male) |
| 15:28 | Create | Villager (Male) |
| 15:30 | Create | Villager (Male) |
| 15:31 | Create | Villager (Male) |
| 15:44 | Create | Monk |
| 15:47 | Create | Warrior Priest |
| 15:50 | Create | Villager (Male) |
| 15:57 | Build | Farm |
| 15:58 | Build | Farm |
| 16:02 | Build | Farm |
| 16:06 | Build | Farm |
| 16:09 | Create | Villager (Male) |
| 16:15 | Create | Warrior Priest |
| 16:33 | Create | Villager (Male) |
| 16:36 | Build | Farm |
| 16:39 | Research | Loom |
| 16:46 | Build | Farm |
| 16:57 | Create | Villager (Male) |
| 16:57 | Create | Villager (Male) |
| 16:58 | Create | Villager (Male) |
| 17:06 | Create | Villager (Male) |
| 17:06 | Create | Villager (Male) |
| 17:24 | Research | Heavy Plow |
| 17:39 | Research | Wheelbarrow |
| 17:40 | Create | Villager (Male) |
| 18:33 | Build | Farm |
| 18:34 | Build | Farm |
| 18:36 | Create | Militia ×5 |
| 18:39 | Create | Villager (Male) ×3 |
| 18:44 | Build | House |
| 18:45 | Build | House |
| 18:45 | Build | House |
| 18:45 | Build | House |
| 18:46 | Build | House |
| 18:46 | Build | House |
| 19:05 | Create | Villager (Male) ×5 |
| 19:08 | Build | Farm |
| 19:19 | Build | Town Center |
| 19:32 | Create | Villager (Male) ×5 |
| 19:34 | Build | Farm |
| 19:34 | Build | Farm |
| 19:34 | Build | Farm |
| 19:34 | Build | Farm |
| 19:35 | Build | Farm |
| 19:35 | Build | Farm |
| 19:35 | Build | Farm |
| 19:36 | Build | Farm |
| 19:36 | Build | Farm |
| 20:17 | Build | Farm |
| 20:21 | Build | Farm |
| 20:33 | Build | Farm |
| 20:39 | Create | Villager (Male) |
| 20:39 | Create | Villager (Male) |
| 20:39 | Create | Villager (Male) |
| 20:40 | Create | Villager (Male) |
| 20:43 | Build | Farm |
| 20:43 | Build | Farm |
| 20:43 | Build | Farm |
| 20:44 | Build | Farm |
| 20:57 | Create | Villager (Male) |
| 20:58 | Create | Villager (Male) |
| 20:59 | Create | Villager (Male) |
| 21:00 | Create | Villager (Male) |
| 21:08 | Build | Farm |
| 21:12 | Create | Villager (Male) ×5 |
| 21:22 | Build | Farm |
| 21:28 | Build | Farm |
| 21:51 | Build | Farm |
| 21:57 | Create | Villager (Male) |
| 21:58 | Create | Villager (Male) |
| 22:06 | Build | Farm |
| 22:09 | Build | Farm |
| 22:14 | Research | Imperial Age |
| 22:17 | Build | Farm |
| 22:19 | Build | Barracks |
| 22:21 | Build | Barracks |
| 22:25 | Research | Man-at-Arms (upgrade) |
| 22:25 | Research | Gambesons |
| 22:33 | Create | Villager (Male) ×2 |
| 22:38 | Build | Farm |
| 22:54 | Research | Town Watch |
| 22:59 | Research | Hand Cart |
| 22:59 | Create | Villager (Male) |
| 23:03 | Research | Squires |
| 23:07 | Research | Scale Mail Armor |
| 23:24 | Build | Barracks |
| 23:29 | Research | Long Swordsman (upgrade) |
| 23:32 | Create | Militia ×4 |
| 23:36 | Build | Farm |
| 23:39 | Build | Farm |
| 23:42 | Create | Villager (Male) |
| 23:42 | Create | Villager (Male) |
Build order — ĐLucky
First 150 of 1808 actions detected
| 0:04 | Build | Lumber Camp |
| 0:07 | Build | Mill |
| 0:10 | Create | Villager (Male) |
| 0:11 | Create | Villager (Male) |
| 0:11 | Create | Villager (Male) |
| 0:14 | Create | Villager (Male) |
| 0:14 | Create | Villager (Male) |
| 1:16 | Create | Villager (Male) |
| 1:16 | Create | Villager (Male) |
| 1:16 | Create | Villager (Male) |
| 1:37 | Create | Villager (Male) |
| 1:52 | Create | Villager (Male) |
| 1:52 | Create | Villager (Male) |
| 2:09 | Create | Villager (Male) |
| 2:09 | Create | Villager (Male) |
| 2:10 | Create | Villager (Male) |
| 2:29 | Create | Villager (Male) |
| 2:29 | Create | Villager (Male) |
| 2:29 | Create | Villager (Male) |
| 3:07 | Create | Villager (Male) |
| 3:20 | Create | Villager (Male) |
| 3:20 | Create | Villager (Male) |
| 3:20 | Create | Villager (Male) |
| 3:26 | Create | Villager (Male) |
| 3:26 | Create | Villager (Male) |
| 3:26 | Create | Villager (Male) |
| 4:12 | Build | Mining Camp |
| 4:43 | Build | Farm |
| 4:45 | Build | Farm |
| 4:54 | Build | Farm |
| 5:05 | Research | Feudal Age |
| 5:05 | Research | Feudal Age |
| 7:15 | Create | Villager (Male) |
| 7:21 | Age | Feudal Age |
| 7:22 | Build | Market |
| 7:23 | Build | Blacksmith |
| 7:43 | Create | Villager (Male) |
| 8:09 | Create | Villager (Male) |
| 8:39 | Research | Castle Age |
| 8:40 | Research | Castle Age |
| 8:40 | Research | Castle Age |
| 9:07 | Research | Double-Bit Axe |
| 9:08 | Research | Double-Bit Axe |
| 9:24 | Research | Horse Collar |
| 9:24 | Research | Horse Collar |
| 10:34 | Create | Villager (Male) |
| 10:35 | Create | Villager (Male) |
| 11:19 | Age | Castle Age |
| 11:23 | Build | Town Center |
| 11:28 | Build | Town Center |
| 11:51 | Create | Villager (Male) |
| 12:01 | Create | Villager (Male) |
| 12:12 | Create | Villager (Male) |
| 12:14 | Create | Villager (Male) |
| 12:14 | Create | Villager (Male) |
| 12:14 | Create | Villager (Male) |
| 12:16 | Build | Farm |
| 12:19 | Build | Farm |
| 12:20 | Build | Farm |
| 12:24 | Build | Farm |
| 12:27 | Build | Farm |
| 12:28 | Build | Farm |
| 12:29 | Create | Villager (Male) |
| 12:29 | Create | Villager (Male) |
| 12:49 | Create | Villager (Male) |
| 12:49 | Create | Villager (Male) |
| 12:49 | Create | Villager (Male) |
| 13:04 | Build | Farm |
| 13:05 | Create | Villager (Male) |
| 13:05 | Create | Villager (Male) |
| 13:20 | Create | Villager (Male) |
| 13:20 | Create | Villager (Male) |
| 13:24 | Create | Villager (Male) |
| 13:25 | Create | Villager (Male) |
| 13:25 | Create | Villager (Male) |
| 13:26 | Build | Farm |
| 13:30 | Build | Farm |
| 13:45 | Build | Farm |
| 13:46 | Create | Villager (Male) |
| 13:52 | Build | Farm |
| 13:56 | Create | Villager (Male) |
| 13:56 | Create | Villager (Male) |
| 13:56 | Create | Villager (Male) |
| 13:57 | Create | Villager (Male) |
| 14:08 | Build | Town Center |
| 14:12 | Create | Villager (Male) |
| 14:12 | Create | Villager (Male) |
| 14:19 | Build | Farm |
| 14:25 | Create | Villager (Male) |
| 14:25 | Create | Villager (Male) |
| 14:25 | Create | Villager (Male) |
| 14:46 | Build | Farm |
| 14:53 | Build | Farm |
| 14:54 | Create | Villager (Male) |
| 14:54 | Create | Villager (Male) |
| 14:55 | Create | Villager (Male) |
| 14:55 | Create | Villager (Male) |
| 14:58 | Create | Villager (Male) |
| 14:58 | Create | Villager (Male) |
| 15:03 | Create | Villager (Male) |
| 15:03 | Create | Villager (Male) |
| 15:03 | Create | Villager (Male) |
| 15:11 | Build | Farm |
| 15:13 | Create | Villager (Male) |
| 15:13 | Create | Villager (Male) |
| 15:13 | Create | Villager (Male) |
| 15:23 | Create | Villager (Male) |
| 15:24 | Create | Villager (Male) |
| 15:24 | Create | Villager (Male) |
| 15:29 | Create | Villager (Male) |
| 15:29 | Create | Villager (Male) |
| 15:29 | Create | Villager (Male) |
| 15:29 | Create | Villager (Male) |
| 15:31 | Create | Villager (Male) |
| 15:31 | Create | Villager (Male) |
| 15:31 | Create | Villager (Male) |
| 15:34 | Build | Farm |
| 15:35 | Build | Farm |
| 15:36 | Build | Farm |
| 15:42 | Create | Villager (Male) |
| 15:42 | Create | Villager (Male) |
| 15:56 | Create | Villager (Male) |
| 16:04 | Build | Farm |
| 16:05 | Build | Farm |
| 16:06 | Build | Farm |
| 16:08 | Create | Villager (Male) |
| 16:09 | Create | Villager (Male) |
| 16:10 | Create | Villager (Male) |
| 16:19 | Build | House |
| 16:28 | Research | Bow Saw |
| 16:28 | Research | Bow Saw |
| 16:40 | Build | Farm |
| 16:43 | Create | Villager (Male) |
| 16:44 | Create | Villager (Male) |
| 16:52 | Build | House |
| 16:53 | Create | Villager (Male) |
| 16:53 | Create | Villager (Male) |
| 16:57 | Build | House |
| 16:59 | Build | House |
| 17:00 | Build | House |
| 17:08 | Build | Farm |
| 17:09 | Create | Villager (Male) |
| 17:10 | Create | Villager (Male) |
| 17:18 | Build | House |
| 17:20 | Create | Villager (Male) |
| 17:20 | Create | Villager (Male) |
| 17:30 | Create | Serjeant |
| 17:30 | Create | Serjeant |
| 17:30 | Create | Serjeant |
| 17:51 | Create | Villager (Male) |
Build order — JB
First 150 of 2205 actions detected
| 0:01 | Create | Villager (Male) |
| 0:02 | Create | Villager (Male) |
| 0:08 | Build | Lumber Camp |
| 0:12 | Create | Villager (Male) |
| 0:15 | Build | Mill |
| 0:20 | Create | Villager (Male) |
| 1:15 | Create | Villager (Male) |
| 1:36 | Create | Villager (Male) |
| 1:45 | Create | Villager (Male) |
| 2:27 | Create | Villager (Male) |
| 2:27 | Create | Villager (Male) |
| 2:47 | Create | Villager (Male) |
| 3:05 | Create | Villager (Male) |
| 3:11 | Create | Villager (Male) |
| 3:22 | Create | Villager (Male) |
| 3:40 | Create | Villager (Male) |
| 3:50 | Build | Mining Camp |
| 4:08 | Build | Farm |
| 4:21 | Build | Farm |
| 4:31 | Research | Feudal Age |
| 4:31 | Research | Feudal Age |
| 4:58 | Build | Farm |
| 6:20 | Create | Villager (Male) |
| 6:22 | Build | Farm |
| 6:46 | Age | Feudal Age |
| 7:03 | Create | Villager (Male) |
| 8:01 | Research | Castle Age |
| 8:01 | Research | Castle Age |
| 8:29 | Research | Double-Bit Axe |
| 9:30 | Create | Villager (Male) |
| 9:34 | Research | Horse Collar |
| 10:41 | Age | Castle Age |
| 10:43 | Build | Town Center |
| 10:44 | Create | Villager (Male) |
| 11:13 | Create | Villager (Male) |
| 11:44 | Create | Villager (Male) |
| 11:54 | Create | Villager (Male) |
| 12:12 | Create | Villager (Male) |
| 12:17 | Build | Town Center |
| 12:19 | Create | Villager (Male) |
| 12:21 | Build | Farm |
| 12:32 | Create | Villager (Male) |
| 12:39 | Create | Villager (Male) |
| 12:41 | Build | Farm |
| 12:44 | Create | Villager (Male) |
| 12:46 | Build | House |
| 12:48 | Create | Villager (Male) |
| 12:55 | Build | Farm |
| 13:05 | Create | Villager (Male) |
| 13:17 | Create | Villager (Male) |
| 13:20 | Create | Villager (Male) |
| 13:25 | Build | House |
| 13:26 | Build | Farm |
| 13:27 | Create | Villager (Male) |
| 13:29 | Create | Villager (Male) |
| 13:33 | Create | Villager (Male) |
| 13:39 | Create | Villager (Male) |
| 13:41 | Build | Farm |
| 13:41 | Build | Farm |
| 13:50 | Create | Villager (Male) |
| 13:52 | Build | Farm |
| 13:56 | Build | House |
| 13:57 | Create | Villager (Male) |
| 13:59 | Build | Farm |
| 14:01 | Create | Villager (Male) |
| 14:07 | Build | Farm |
| 14:15 | Create | Villager (Male) |
| 14:22 | Build | Farm |
| 14:22 | Build | Farm |
| 14:24 | Create | Villager (Male) |
| 14:30 | Build | Farm |
| 14:33 | Build | Farm |
| 14:39 | Build | Farm |
| 14:40 | Create | Villager (Male) |
| 14:41 | Create | Villager (Male) |
| 14:52 | Build | Farm |
| 14:53 | Create | Villager (Male) |
| 14:58 | Build | Farm |
| 15:04 | Create | Villager (Male) |
| 15:07 | Build | Farm |
| 15:26 | Create | Villager (Male) |
| 15:27 | Create | Villager (Male) |
| 15:27 | Create | Villager (Male) |
| 15:33 | Create | Villager (Male) |
| 15:36 | Build | Farm |
| 15:41 | Build | Farm |
| 15:41 | Create | Villager (Male) |
| 15:44 | Build | Farm |
| 15:47 | Build | Farm |
| 15:49 | Create | Villager (Male) |
| 15:49 | Create | Villager (Male) |
| 15:51 | Build | Farm |
| 15:54 | Build | Farm |
| 15:58 | Build | Farm |
| 15:59 | Create | Villager (Male) |
| 15:59 | Create | Villager (Male) |
| 15:59 | Create | Villager (Male) |
| 16:02 | Build | House |
| 16:04 | Create | Villager (Male) |
| 16:17 | Create | Villager (Male) |
| 16:28 | Create | Villager (Male) |
| 16:33 | Build | Farm |
| 16:34 | Build | Farm |
| 16:35 | Build | Farm |
| 16:36 | Create | Villager (Male) |
| 16:37 | Build | Farm |
| 16:40 | Build | House |
| 16:41 | Create | Villager (Male) |
| 16:43 | Build | Farm |
| 16:44 | Create | Villager (Male) |
| 16:53 | Research | Bow Saw |
| 16:53 | Research | Bow Saw |
| 16:55 | Create | Villager (Male) |
| 16:57 | Build | Farm |
| 17:01 | Build | House |
| 17:02 | Build | House |
| 17:03 | Create | Villager (Male) |
| 17:09 | Build | Farm |
| 17:11 | Build | Farm |
| 17:12 | Create | Villager (Male) |
| 17:16 | Research | Loom |
| 17:25 | Research | Wheelbarrow |
| 17:25 | Research | Wheelbarrow |
| 17:30 | Build | Farm |
| 17:34 | Build | Farm |
| 17:35 | Create | Villager (Male) |
| 17:38 | Create | Villager (Male) |
| 17:42 | Build | Farm |
| 17:43 | Create | Villager (Male) |
| 17:54 | Build | Mining Camp |
| 17:56 | Create | Villager (Male) |
| 17:59 | Create | Villager (Male) |
| 18:02 | Create | Villager (Male) |
| 18:06 | Create | Villager (Male) |
| 18:21 | Create | Villager (Male) |
| 18:22 | Build | Market |
| 18:26 | Create | Villager (Male) |
| 18:32 | Build | House |
| 18:33 | Create | Villager (Male) |
| 18:35 | Create | Villager (Male) |
| 18:37 | Build | Farm |
| 18:38 | Create | Villager (Male) |
| 18:53 | Build | Blacksmith |
| 18:55 | Create | Villager (Male) |
| 19:11 | Create | Villager (Male) |
| 19:20 | Build | Stable |
| 19:24 | Create | Villager (Male) |
| 19:25 | Build | House |
| 19:26 | Create | Villager (Male) |
| 19:31 | Create | Villager (Male) |
Build order — Shiva
First 150 of 1620 actions detected
| 0:01 | Create | Villager (Male) |
| 0:02 | Create | Villager (Male) |
| 0:02 | Create | Villager (Male) |
| 0:02 | Create | Villager (Male) |
| 0:02 | Create | Villager (Male) |
| 0:09 | Build | Lumber Camp |
| 1:24 | Build | Mill |
| 1:36 | Create | Villager (Male) |
| 1:37 | Create | Villager (Male) |
| 1:37 | Create | Villager (Male) |
| 1:49 | Create | Villager (Male) |
| 2:34 | Create | Villager (Male) |
| 2:34 | Create | Villager (Male) |
| 2:38 | Create | Villager (Male) |
| 2:38 | Create | Villager (Male) |
| 2:57 | Create | Villager (Male) |
| 2:57 | Create | Villager (Male) |
| 3:38 | Create | Villager (Male) |
| 3:39 | Create | Villager (Male) |
| 4:19 | Create | Villager (Male) |
| 4:28 | Build | Farm |
| 4:30 | Build | Farm |
| 4:33 | Build | Farm |
| 4:56 | Build | Mining Camp |
| 4:59 | Research | Feudal Age |
| 6:20 | Create | Villager (Male) |
| 6:21 | Create | Villager (Male) |
| 7:11 | Age | Feudal Age |
| 7:16 | Build | Market |
| 7:21 | Build | Blacksmith |
| 7:57 | Create | Villager (Male) |
| 8:27 | Research | Castle Age |
| 8:27 | Research | Castle Age |
| 9:05 | Research | Double-Bit Axe |
| 9:21 | Research | Horse Collar |
| 10:34 | Create | Villager (Male) |
| 10:54 | Create | Villager (Male) |
| 11:07 | Age | Castle Age |
| 11:09 | Build | Town Center |
| 11:18 | Build | Town Center |
| 11:24 | Build | Town Center |
| 11:28 | Create | Villager (Male) |
| 11:33 | Research | Bow Saw |
| 11:33 | Research | Bow Saw |
| 12:10 | Create | Villager (Male) |
| 12:19 | Research | Heavy Plow |
| 12:35 | Build | Farm |
| 12:39 | Create | Villager (Male) |
| 12:41 | Create | Villager (Male) |
| 12:52 | Create | Villager (Male) |
| 12:59 | Create | Villager (Male) |
| 13:06 | Build | Farm |
| 13:09 | Build | Farm |
| 13:11 | Build | Farm |
| 13:13 | Create | Villager (Male) |
| 13:14 | Create | Villager (Male) |
| 13:23 | Build | Farm |
| 13:25 | Create | Villager (Male) |
| 13:43 | Build | Farm |
| 13:49 | Build | Farm |
| 13:50 | Build | Farm |
| 13:51 | Create | Villager (Male) |
| 13:58 | Build | Farm |
| 14:00 | Create | Villager (Male) |
| 14:04 | Create | Villager (Male) |
| 14:13 | Build | Farm |
| 14:14 | Create | Villager (Male) |
| 14:27 | Create | Villager (Male) |
| 14:37 | Create | Villager (Male) |
| 14:58 | Create | Villager (Male) |
| 15:07 | Build | Farm |
| 15:09 | Build | Farm |
| 15:11 | Create | Villager (Male) |
| 15:13 | Create | Villager (Male) |
| 15:13 | Create | Villager (Male) |
| 15:18 | Build | Monastery |
| 15:24 | Build | Farm |
| 15:27 | Build | Farm |
| 15:27 | Create | Villager (Male) |
| 15:27 | Create | Villager (Male) |
| 15:35 | Build | Farm |
| 15:36 | Create | Villager (Male) |
| 15:38 | Build | Farm |
| 15:40 | Build | Farm |
| 15:43 | Create | Villager (Male) |
| 15:44 | Create | Villager (Male) |
| 15:44 | Create | Villager (Male) |
| 15:52 | Create | Villager (Male) |
| 15:58 | Create | Monk |
| 16:11 | Create | Villager (Male) |
| 16:11 | Create | Villager (Male) |
| 16:17 | Build | Farm |
| 16:19 | Build | Farm |
| 16:20 | Build | Farm |
| 16:22 | Build | Farm |
| 16:23 | Create | Villager (Male) |
| 16:25 | Create | Villager (Male) |
| 16:25 | Create | Villager (Male) |
| 16:26 | Create | Villager (Male) |
| 16:37 | Build | Stone Wall |
| 16:39 | Build | Stone Wall |
| 16:44 | Build | House |
| 16:48 | Research | Wheelbarrow |
| 16:48 | Research | Wheelbarrow |
| 16:49 | Research | Loom |
| 16:50 | Create | Villager (Male) |
| 16:51 | Create | Villager (Male) |
| 16:59 | Create | Monk |
| 17:03 | Build | Barracks |
| 17:13 | Build | Lumber Camp |
| 17:14 | Create | Villager (Male) |
| 17:27 | Create | Villager (Male) |
| 17:28 | Create | Villager (Male) |
| 17:31 | Build | Barracks |
| 17:33 | Research | Scale Mail Armor |
| 17:37 | Build | Lumber Camp |
| 17:37 | Create | Villager (Male) |
| 17:48 | Build | House |
| 18:11 | Create | Fire Lancer |
| 18:12 | Create | Fire Lancer |
| 18:49 | Create | Unit 1908 |
| 18:49 | Create | Unit 1908 |
| 18:53 | Create | Villager (Male) |
| 18:58 | Build | Lumber Camp |
| 19:07 | Create | Unit 1908 |
| 19:10 | Create | Fire Lancer |
| 19:10 | Create | Fire Lancer |
| 19:12 | Create | Villager (Male) |
| 19:14 | Build | House |
| 19:14 | Build | House |
| 19:15 | Build | House |
| 19:32 | Research | Scale Barding Armor |
| 19:32 | Research | Scale Barding Armor |
| 19:34 | Build | House |
| 20:02 | Create | Unit 1908 |
| 20:04 | Create | Villager (Male) |
| 20:05 | Create | Villager (Male) |
| 20:06 | Research | Hand Cart |
| 20:33 | Create | Unit 1908 |
| 20:44 | Create | Unit 1908 |
| 20:46 | Create | Fire Lancer |
| 20:46 | Create | Fire Lancer |
| 20:48 | Create | Villager (Male) |
| 20:48 | Create | Villager (Male) |
| 20:50 | Build | Mining Camp |
| 21:25 | Create | Unit 1908 |
| 21:26 | Create | Villager (Male) |
| 21:26 | Create | Villager (Male) |
| 21:28 | Create | Fire Lancer |
| 21:29 | Create | Fire Lancer |
Build order — MarginCall
First 150 of 1054 actions detected
| 0:03 | Create | Villager (Male) |
| 0:05 | Create | Villager (Male) |
| 0:06 | Build | Lumber Camp |
| 0:08 | Create | Villager (Male) |
| 0:14 | Build | Mill |
| 0:15 | Create | Villager (Male) |
| 0:16 | Create | Villager (Male) |
| 1:28 | Create | Villager (Male) |
| 1:42 | Create | Villager (Male) |
| 1:42 | Create | Villager (Male) |
| 1:55 | Create | Villager (Male) |
| 1:56 | Create | Villager (Male) |
| 2:17 | Build | Farm |
| 2:47 | Create | Villager (Male) |
| 3:09 | Create | Villager (Male) |
| 3:15 | Build | Palisade Wall |
| 3:38 | Create | Villager (Male) |
| 3:41 | Build | Lumber Camp |
| 3:43 | Create | Villager (Male) |
| 3:48 | Create | Villager (Male) |
| 4:01 | Create | Villager (Male) |
| 4:01 | Create | Villager (Male) |
| 4:42 | Create | Villager (Male) |
| 4:52 | Build | Farm |
| 5:11 | Build | Mining Camp |
| 5:22 | Build | Farm |
| 5:54 | Create | Villager (Male) |
| 6:13 | Create | Villager (Male) |
| 6:25 | Build | Farm |
| 6:37 | Build | Farm |
| 6:52 | Create | Villager (Male) |
| 7:19 | Research | Feudal Age |
| 7:28 | Build | Farm |
| 8:05 | Create | Villager (Male) |
| 8:05 | Create | Villager (Male) |
| 9:44 | Age | Feudal Age |
| 9:45 | Build | Market |
| 9:46 | Build | Blacksmith |
| 10:18 | Research | Double-Bit Axe |
| 10:34 | Research | Castle Age |
| 10:34 | Research | Castle Age |
| 10:34 | Research | Castle Age |
| 10:38 | Build | Farm |
| 10:45 | Research | Horse Collar |
| 10:51 | Build | Farm |
| 10:52 | Build | Farm |
| 10:56 | Build | Farm |
| 11:02 | Build | Farm |
| 12:25 | Create | Villager (Male) |
| 12:26 | Create | Villager (Male) |
| 12:53 | Build | Barracks |
| 13:14 | Age | Castle Age |
| 13:30 | Research | Imperial Age |
| 14:03 | Build | University |
| 14:35 | Research | Bow Saw |
| 15:21 | Create | Villager (Male) |
| 15:28 | Create | Cataphract |
| 16:01 | Research | Loom |
| 16:05 | Research | Wheelbarrow |
| 16:23 | Build | House |
| 16:41 | Build | Archery Range |
| 16:49 | Age | Imperial Age |
| 16:50 | Create | Trebuchet (Packed) |
| 16:53 | Research | Chemistry |
| 16:53 | Research | Chemistry |
| 17:06 | Create | Villager (Male) |
| 17:28 | Build | Archery Range |
| 17:32 | Create | Trebuchet (Packed) |
| 17:35 | Create | Villager (Male) |
| 18:34 | Create | Hand Cannoneer |
| 18:34 | Create | Hand Cannoneer |
| 18:43 | Build | House |
| 18:44 | Create | Villager (Male) |
| 18:45 | Create | Hand Cannoneer |
| 18:46 | Create | Villager (Male) |
| 18:50 | Create | Villager (Male) |
| 18:54 | Create | Hand Cannoneer |
| 18:54 | Create | Hand Cannoneer |
| 18:56 | Create | Villager (Male) |
| 19:00 | Build | Siege Workshop |
| 19:36 | Create | Hand Cannoneer |
| 19:38 | Create | Villager (Male) |
| 19:46 | Create | Hand Cannoneer |
| 19:47 | Create | Villager (Male) |
| 20:02 | Create | Villager (Male) |
| 20:07 | Create | Cataphract |
| 20:12 | Create | Hand Cannoneer |
| 20:41 | Create | Hand Cannoneer |
| 20:41 | Create | Villager (Male) |
| 20:50 | Create | Hand Cannoneer |
| 20:50 | Create | Hand Cannoneer |
| 21:05 | Create | Villager (Male) |
| 21:17 | Create | Villager (Male) |
| 21:29 | Create | Villager (Male) |
| 21:44 | Create | Hand Cannoneer |
| 21:48 | Create | Hand Cannoneer |
| 21:48 | Create | Hand Cannoneer |
| 21:50 | Build | House |
| 21:54 | Create | Scorpion |
| 22:08 | Create | Hand Cannoneer |
| 22:09 | Create | Hand Cannoneer |
| 22:09 | Create | Villager (Male) |
| 22:11 | Create | Villager (Male) |
| 22:12 | Build | Town Center |
| 22:17 | Build | Town Center |
| 22:43 | Create | Trebuchet (Packed) |
| 23:09 | Create | Villager (Male) |
| 23:11 | Create | Villager (Male) |
| 23:12 | Create | Hand Cannoneer |
| 23:13 | Create | Hand Cannoneer |
| 23:21 | Create | Trebuchet (Packed) |
| 23:23 | Create | Villager (Male) |
| 23:35 | Build | House |
| 23:36 | Create | Villager (Male) |
| 24:10 | Create | Villager (Male) |
| 24:21 | Create | Villager (Male) |
| 24:32 | Create | Hand Cannoneer |
| 24:33 | Create | Hand Cannoneer |
| 24:48 | Create | Villager (Male) |
| 24:50 | Create | Hand Cannoneer |
| 25:21 | Create | Hand Cannoneer |
| 25:22 | Create | Hand Cannoneer |
| 25:24 | Build | House |
| 25:31 | Build | Farm |
| 25:34 | Build | Farm |
| 25:34 | Build | Farm |
| 25:34 | Build | Farm |
| 25:36 | Build | Farm |
| 25:37 | Build | Farm |
| 25:37 | Build | Farm |
| 25:40 | Create | Villager (Male) |
| 25:41 | Create | Villager (Male) |
| 25:41 | Create | Villager (Male) |
| 25:41 | Create | Villager (Male) |
| 25:41 | Create | Villager (Male) |
| 25:42 | Create | Villager (Male) |
| 25:45 | Build | Farm |
| 25:46 | Build | Farm |
| 25:46 | Build | Farm |
| 25:58 | Create | Villager (Male) |
| 26:04 | Create | Hand Cannoneer |
| 26:13 | Create | Bombard Cannon |
| 26:14 | Create | Bombard Cannon |
| 26:31 | Create | Villager (Male) |
| 26:32 | Create | Villager (Male) |
| 26:43 | Create | Villager (Male) |
| 26:47 | Create | Hand Cannoneer |
| 26:48 | Create | Hand Cannoneer |
| 27:05 | Create | Hand Cannoneer |
| 27:05 | Create | Villager (Male) |
Build order — DL-ĐệNhị
First 150 of 685 actions detected
| 0:04 | Build | Mill |
| 0:05 | Create | Villager (Male) |
| 0:10 | Create | Villager (Male) |
| 0:11 | Create | Villager (Male) |
| 0:11 | Create | Villager (Male) |
| 0:12 | Create | Villager (Male) |
| 0:22 | Build | Lumber Camp |
| 1:31 | Create | Villager (Male) |
| 1:31 | Create | Villager (Male) |
| 2:03 | Create | Villager (Male) |
| 2:03 | Create | Villager (Male) |
| 2:09 | Create | Villager (Male) |
| 2:10 | Create | Villager (Male) |
| 2:13 | Create | Villager (Male) |
| 2:18 | Create | Villager (Male) |
| 2:18 | Create | Villager (Male) |
| 2:23 | Create | Villager (Male) |
| 2:23 | Create | Villager (Male) |
| 2:43 | Create | Villager (Male) |
| 2:43 | Create | Villager (Male) |
| 2:44 | Create | Villager (Male) |
| 3:09 | Create | Villager (Male) |
| 3:10 | Create | Villager (Male) |
| 4:07 | Create | Villager (Male) |
| 4:08 | Create | Villager (Male) |
| 4:08 | Create | Villager (Male) |
| 4:18 | Build | Mining Camp |
| 4:20 | Create | Villager (Male) |
| 4:23 | Create | Villager (Male) |
| 4:24 | Create | Villager (Male) |
| 4:24 | Create | Villager (Male) |
| 4:33 | Create | Villager (Male) |
| 4:34 | Create | Villager (Male) |
| 4:37 | Create | Villager (Male) |
| 4:55 | Research | Feudal Age |
| 4:55 | Research | Feudal Age |
| 5:24 | Create | Villager (Male) |
| 7:14 | Create | Villager (Male) |
| 7:14 | Create | Villager (Male) |
| 7:15 | Age | Feudal Age |
| 7:22 | Create | Villager (Male) |
| 7:26 | Build | Market |
| 7:34 | Build | Blacksmith |
| 7:43 | Build | Farm |
| 8:27 | Research | Castle Age |
| 8:27 | Research | Castle Age |
| 8:47 | Research | Double-Bit Axe |
| 8:48 | Research | Double-Bit Axe |
| 8:48 | Research | Double-Bit Axe |
| 9:30 | Research | Horse Collar |
| 9:30 | Research | Horse Collar |
| 9:40 | Build | Farm |
| 11:10 | Age | Castle Age |
| 11:16 | Build | Town Center |
| 11:19 | Create | Villager (Male) |
| 11:21 | Research | Bow Saw |
| 11:21 | Research | Bow Saw |
| 11:24 | Create | Villager (Male) |
| 12:00 | Research | Heavy Plow |
| 12:00 | Research | Heavy Plow |
| 12:01 | Research | Heavy Plow |
| 12:03 | Create | Villager (Male) |
| 12:13 | Create | Villager (Male) |
| 12:29 | Create | Villager (Male) |
| 12:32 | Create | Villager (Male) ×2 |
| 12:38 | Build | Farm |
| 12:40 | Build | Farm |
| 12:42 | Build | Farm |
| 12:53 | Build | Farm |
| 12:54 | Create | Villager (Male) |
| 13:02 | Research | Heavy Plow |
| 13:02 | Research | Heavy Plow |
| 13:19 | Build | Farm |
| 13:22 | Create | Villager (Male) ×2 |
| 13:29 | Create | Villager (Male) |
| 13:35 | Create | Villager (Male) |
| 13:40 | Build | Town Center |
| 13:46 | Build | Farm |
| 13:59 | Create | Villager (Male) |
| 14:02 | Build | Farm |
| 14:07 | Create | Villager (Male) |
| 14:32 | Build | Lumber Camp |
| 14:33 | Create | Villager (Male) ×2 |
| 14:44 | Create | Villager (Male) |
| 14:47 | Build | Farm |
| 14:47 | Build | Farm |
| 15:03 | Create | Villager (Male) |
| 15:10 | Build | Farm |
| 15:14 | Create | Villager (Male) ×2 |
| 15:14 | Create | Villager (Male) ×2 |
| 15:19 | Build | Farm |
| 15:33 | Build | Farm |
| 15:41 | Create | Villager (Male) ×2 |
| 15:42 | Build | Farm |
| 15:48 | Create | Villager (Male) |
| 15:51 | Build | Farm |
| 15:54 | Build | Farm |
| 16:01 | Build | Farm |
| 16:03 | Create | Villager (Male) |
| 16:11 | Create | Villager (Male) |
| 16:15 | Create | Villager (Male) |
| 16:17 | Build | Farm |
| 16:23 | Create | Villager (Male) |
| 16:24 | Build | Farm |
| 16:36 | Build | Farm |
| 16:38 | Create | Villager (Male) |
| 16:38 | Create | Villager (Male) |
| 16:40 | Create | Villager (Male) |
| 16:43 | Create | Villager (Male) |
| 16:44 | Create | Villager (Male) |
| 16:53 | Build | Farm |
| 16:54 | Create | Villager (Male) |
| 16:54 | Create | Villager (Male) |
| 17:01 | Create | Mangudai ×2 |
| 17:05 | Create | Villager (Male) |
| 17:10 | Build | House |
| 17:11 | Build | House |
| 17:20 | Create | Villager (Male) ×4 |
| 17:31 | Create | Villager (Male) |
| 17:31 | Create | Villager (Male) |
| 17:36 | Build | Town Center |
| 17:44 | Create | Villager (Male) |
| 17:51 | Create | Villager (Male) ×2 |
| 17:56 | Build | House |
| 17:57 | Build | House |
| 18:00 | Build | House |
| 18:01 | Create | Villager (Male) ×2 |
| 18:06 | Research | Loom |
| 18:07 | Research | Loom |
| 18:13 | Research | Wheelbarrow |
| 18:14 | Research | Wheelbarrow |
| 18:17 | Create | Villager (Male) ×2 |
| 18:21 | Create | Villager (Male) |
| 18:31 | Create | Villager (Male) ×2 |
| 18:34 | Build | Farm |
| 18:37 | Create | Villager (Male) |
| 18:45 | Build | Farm |
| 18:46 | Create | Villager (Male) |
| 18:48 | Create | Villager (Male) |
| 18:49 | Create | Villager (Male) |
| 18:54 | Create | Villager (Male) |
| 18:54 | Create | Villager (Male) |
| 18:56 | Build | Lumber Camp |
| 19:02 | Build | House |
| 19:03 | Build | House |
| 19:05 | Create | Villager (Male) |
| 19:12 | Create | Villager (Male) |
| 19:12 | Create | Villager (Male) |
| 19:21 | Build | Farm |
| 19:23 | Build | Farm |
Build order — Lubbock
First 150 of 1256 actions detected
| 0:03 | Create | Villager (Male) |
| 0:03 | Create | Villager (Male) |
| 0:05 | Build | House |
| 0:08 | Build | Lumber Camp |
| 0:11 | Create | Villager (Male) |
| 0:14 | Create | Villager (Male) |
| 0:14 | Create | Villager (Male) |
| 1:13 | Build | Palisade Wall |
| 1:36 | Build | Mill |
| 1:39 | Create | Villager (Male) |
| 2:06 | Create | Villager (Male) |
| 2:06 | Create | Villager (Male) |
| 2:21 | Create | Villager (Male) |
| 2:21 | Create | Villager (Male) |
| 2:33 | Create | Villager (Male) |
| 3:05 | Build | Palisade Wall |
| 3:29 | Create | Villager (Male) |
| 3:29 | Create | Villager (Male) |
| 3:29 | Create | Villager (Male) |
| 3:29 | Create | Villager (Male) |
| 4:41 | Create | Villager (Male) |
| 5:02 | Create | Villager (Male) |
| 5:05 | Build | Mining Camp |
| 5:12 | Research | Feudal Age |
| 5:13 | Research | Feudal Age |
| 5:17 | Build | Farm |
| 5:25 | Build | Farm |
| 5:27 | Build | Farm |
| 5:32 | Build | Farm |
| 6:31 | Create | Villager (Male) |
| 6:31 | Create | Villager (Male) |
| 7:22 | Age | Feudal Age |
| 7:27 | Build | Market |
| 7:32 | Build | Blacksmith |
| 8:15 | Research | Castle Age |
| 8:15 | Research | Castle Age |
| 8:28 | Research | Double-Bit Axe |
| 8:59 | Research | Horse Collar |
| 9:00 | Research | Horse Collar |
| 10:30 | Create | Villager (Male) |
| 10:55 | Age | Castle Age |
| 10:59 | Build | Town Center |
| 11:05 | Research | Bow Saw |
| 11:07 | Create | Villager (Male) |
| 11:37 | Create | Villager (Male) |
| 11:53 | Create | Villager (Male) |
| 12:10 | Create | Villager (Male) |
| 12:11 | Create | Villager (Male) |
| 12:16 | Build | Farm |
| 12:21 | Build | Farm |
| 12:27 | Build | Farm |
| 12:47 | Create | Villager (Male) |
| 12:51 | Create | Villager (Male) |
| 12:51 | Create | Villager (Male) |
| 13:22 | Create | Villager (Male) |
| 13:22 | Create | Villager (Male) |
| 13:35 | Build | Farm |
| 13:55 | Create | Villager (Male) |
| 13:56 | Create | Villager (Male) |
| 14:00 | Build | Farm |
| 14:05 | Create | Villager (Male) |
| 14:10 | Build | Farm |
| 14:12 | Build | Farm |
| 14:25 | Research | Gold Mining |
| 14:28 | Create | Villager (Male) |
| 14:29 | Create | Villager (Male) |
| 14:35 | Build | Farm |
| 14:35 | Build | Farm |
| 14:37 | Build | Farm |
| 14:54 | Create | Villager (Male) |
| 14:55 | Create | Villager (Male) |
| 15:09 | Build | Farm |
| 15:12 | Build | Farm |
| 15:22 | Create | Villager (Male) |
| 15:46 | Build | Lumber Camp |
| 15:49 | Create | Villager (Male) |
| 15:50 | Create | Villager (Male) |
| 15:57 | Build | House |
| 15:58 | Build | House |
| 16:21 | Create | Villager (Male) |
| 16:22 | Create | Villager (Male) |
| 16:28 | Build | Farm |
| 17:04 | Build | House |
| 17:05 | Create | Villager (Male) |
| 17:08 | Research | Imperial Age |
| 17:08 | Research | Imperial Age |
| 17:17 | Build | Mining Camp |
| 17:22 | Create | Genoese Crossbowman |
| 17:22 | Create | Genoese Crossbowman |
| 17:29 | Research | Fletching |
| 17:29 | Research | Fletching |
| 17:48 | Create | Villager (Male) |
| 17:52 | Create | Genoese Crossbowman |
| 17:55 | Research | Loom |
| 17:55 | Research | Loom |
| 18:13 | Create | Genoese Crossbowman |
| 18:13 | Create | Genoese Crossbowman |
| 18:37 | Create | Villager (Male) |
| 18:40 | Research | Wheelbarrow |
| 18:42 | Research | Bodkin Arrow |
| 18:44 | Create | Genoese Crossbowman |
| 18:44 | Create | Genoese Crossbowman |
| 18:44 | Create | Genoese Crossbowman |
| 18:55 | Build | University |
| 19:06 | Create | Genoese Crossbowman |
| 19:06 | Create | Genoese Crossbowman |
| 19:18 | Create | Genoese Crossbowman |
| 19:25 | Create | Genoese Crossbowman |
| 19:36 | Create | Villager (Male) |
| 19:52 | Create | Genoese Crossbowman |
| 19:57 | Research | Stone Mining |
| 19:59 | Research | Padded Archer Armor |
| 20:17 | Age | Imperial Age |
| 20:18 | Research | Ballistics |
| 20:18 | Research | Ballistics |
| 20:35 | Create | Villager (Male) |
| 20:36 | Create | Villager (Male) |
| 20:41 | Create | Trebuchet (Packed) |
| 20:41 | Create | Trebuchet (Packed) |
| 20:53 | Create | Villager (Male) |
| 20:56 | Build | Town Center |
| 21:25 | Build | Stone Wall |
| 21:27 | Build | Stone Wall |
| 21:36 | Create | Villager (Male) |
| 21:38 | Create | Villager (Male) |
| 21:39 | Create | Trebuchet (Packed) |
| 21:42 | Create | Genoese Crossbowman |
| 21:57 | Create | Villager (Male) |
| 22:03 | Create | Villager (Male) |
| 22:20 | Create | Villager (Male) |
| 22:20 | Create | Villager (Male) |
| 22:34 | Create | Genoese Crossbowman |
| 22:34 | Create | Genoese Crossbowman |
| 22:45 | Build | Siege Workshop |
| 22:50 | Research | Chemistry |
| 22:50 | Research | Chemistry |
| 22:53 | Create | Villager (Male) |
| 22:53 | Create | Villager (Male) |
| 22:53 | Create | Villager (Male) |
| 22:53 | Create | Villager (Male) |
| 22:54 | Create | Villager (Male) |
| 22:58 | Build | House |
| 23:00 | Build | House |
| 23:00 | Build | House |
| 23:19 | Create | Genoese Crossbowman |
| 23:19 | Create | Genoese Crossbowman |
| 23:31 | Research | Bracer |
| 23:31 | Research | Bracer |
| 23:37 | Create | Genoese Crossbowman |
| 23:42 | Create | Villager (Male) |
Match timeline
| 1:13 | Lubbock · wall_segment Palisade Wall x1 |
| 3:05 | Lubbock · wall_segment Palisade Wall x1 |
| 3:15 | MarginCall · wall_segment Palisade Wall x1 |
| 6:46 | JB · age_up feudal |
| 7:11 | Shiva · age_up feudal |
| 7:15 | DL-ĐệNhị · age_up feudal |
| 7:21 | ĐLucky · age_up feudal |
| 7:22 | Lubbock · age_up feudal |
| 7:36 | robo_boro · age_up feudal |
| 8:06 | AttilathePun463 · first_market_sell 100 wood |
| 8:12 | AttilathePun463 · first_market_buy 100 food |
| 8:39 | robo_boro · wall_segment Palisade Wall x1 |
| 9:44 | MarginCall · age_up feudal |
| 10:22 | ĐLucky · first_market_buy 100 wood |
| 10:41 | JB · age_up castle |
| 10:55 | Lubbock · age_up castle |
| 11:07 | Shiva · age_up castle |
| 11:10 | robo_boro · age_up castle |
| 11:10 | DL-ĐệNhị · age_up castle |
| 11:19 | ĐLucky · age_up castle |
| 11:34 | robo_boro · first_building Monastery |
| 12:53 | MarginCall · first_building Barracks |
| 13:10 | robo_boro · first_market_buy 100 wood |
| 13:14 | MarginCall · age_up castle |
| 13:21 | DL-ĐệNhị · first_market_buy 100 food |
| 13:47 | Shiva · first_market_buy 100 food |
| 15:18 | Shiva · first_building Monastery |
| 15:20 | AttilathePun463 · first_building Monastery |
| 16:37 | Shiva · wall_segment Stone Wall x2 |
| 16:39 | Shiva · wall_segment Stone Wall x8 |
| 16:41 | MarginCall · first_building Archery Range |
| 16:47 | Lubbock · first_market_buy 100 food |
| 16:49 | MarginCall · age_up imperial |
| 16:59 | Lubbock · first_market_sell 100 wood |
| 17:03 | Shiva · first_building Barracks |
| 18:35 | Shiva · first_market_sell 100 food |
| 18:50 | robo_boro · wall_segment Stone Wall x1 |
| 18:57 | robo_boro · wall_segment Stone Wall x11 |
| 19:00 | MarginCall · first_building Siege Workshop |
| 19:08 | robo_boro · wall_segment Stone Wall x1 |
| 19:12 | robo_boro · wall_segment Stone Wall x1 |
| 19:20 | JB · first_building Stable |
| 19:43 | robo_boro · wall_segment Stone Wall x4 |
| 19:44 | robo_boro · wall_segment Stone Wall x3 |
| 19:51 | DL-ĐệNhị · wall_segment Stone Wall x10 |
| 19:53 | DL-ĐệNhị · wall_segment Stone Wall x5 |
| 20:17 | Lubbock · age_up imperial |
| 20:52 | robo_boro · first_building Stable |
| 21:13 | DL-ĐệNhị · first_building Siege Workshop |
| 21:13 | ĐLucky · first_market_sell 100 wood |
| 21:21 | DL-ĐệNhị · first_market_sell 100 wood |
| 21:25 | Lubbock · wall_segment Stone Wall x8 |
| 21:27 | Lubbock · wall_segment Stone Wall x3 |
| 21:46 | ĐLucky · first_building Donjon |
| 21:53 | MarginCall · first_market_sell 100 wood |
| 22:19 | AttilathePun463 · first_building Barracks |
| 22:45 | Lubbock · first_building Siege Workshop |
| 22:45 | JB · first_market_sell 100 food |
| 22:48 | DL-ĐệNhị · first_building Archery Range |
| 22:51 | robo_boro · wall_segment Stone Wall x4 |
| 22:52 | DL-ĐệNhị · first_building Stable |
| 23:18 | Shiva · wall_segment Stone Wall x7 |
| 23:21 | JB · age_up imperial |
| 23:41 | ĐLucky · first_building Archery Range |
| 23:58 | Shiva · first_building Archery Range |
| 24:03 | robo_boro · age_up imperial |
| 24:05 | DL-ĐệNhị · first_building Castle |
| 24:31 | ĐLucky · age_up imperial |
| 24:39 | AttilathePun463 · first_building Castle |
| 24:40 | robo_boro · wall_segment Stone Wall x17 |
| 25:06 | DL-ĐệNhị · age_up imperial |
| 25:37 | robo_boro · first_market_sell 100 wood |
| 25:39 | MarginCall · first_market_buy 100 food |
| 26:00 | Shiva · first_building Stable |
| 26:20 | robo_boro · first_building Castle |
| 26:55 | AttilathePun463 · wall_segment Stone Wall x17 |
| 27:30 | AttilathePun463 · wall_segment Stone Wall x32 |
| 27:33 | Lubbock · first_building Castle |
| 28:14 | JB · first_building Castle |
| 29:01 | JB · first_market_buy 100 wood |
| 30:27 | ĐLucky · first_building Siege Workshop |
| 30:51 | Shiva · age_up imperial |
| 31:11 | MarginCall · first_building Monastery |
| 31:45 | DL-ĐệNhị · wall_segment Stone Wall x6 |
| 32:46 | DL-ĐệNhị · tribute_sent a jugador 1 |
| 32:46 | DL-ĐệNhị · tribute_sent a jugador 2 |
| 32:46 | DL-ĐệNhị · tribute_sent a jugador 3 |
| 32:46 | DL-ĐệNhị · tribute_sent a jugador 4 |
| 32:46 | DL-ĐệNhị · tribute_sent a jugador 5 |
| 32:46 | DL-ĐệNhị · tribute_sent a jugador 6 |
| 32:46 | DL-ĐệNhị · tribute_sent a jugador 8 |
| 33:24 | robo_boro · tribute_sent a jugador 2 |
| 33:24 | robo_boro · tribute_sent a jugador 3 |
| 33:24 | robo_boro · tribute_sent a jugador 4 |
| 33:24 | robo_boro · tribute_sent a jugador 5 |
| 33:24 | robo_boro · tribute_sent a jugador 6 |
| 33:24 | robo_boro · tribute_sent a jugador 7 |
| 33:24 | robo_boro · tribute_sent a jugador 8 |
| 33:28 | ĐLucky · tribute_sent a jugador 1 |
| 33:28 | ĐLucky · tribute_sent a jugador 2 |
| 33:28 | ĐLucky · tribute_sent a jugador 4 |
| 33:28 | ĐLucky · tribute_sent a jugador 5 |
| 33:28 | ĐLucky · tribute_sent a jugador 6 |
| 33:28 | ĐLucky · tribute_sent a jugador 7 |
| 33:28 | ĐLucky · tribute_sent a jugador 8 |
| 33:29 | DL-ĐệNhị · tribute_sent a jugador 1 |
| 33:29 | DL-ĐệNhị · tribute_sent a jugador 2 |
| 33:29 | DL-ĐệNhị · tribute_sent a jugador 3 |
| 33:29 | DL-ĐệNhị · tribute_sent a jugador 4 |
| 33:29 | DL-ĐệNhị · tribute_sent a jugador 5 |
| 33:29 | DL-ĐệNhị · tribute_sent a jugador 6 |
| 33:29 | DL-ĐệNhị · tribute_sent a jugador 8 |
| 35:10 | DL-ĐệNhị · tribute_sent a jugador 1 |
| 35:10 | DL-ĐệNhị · tribute_sent a jugador 2 |
| 35:10 | DL-ĐệNhị · tribute_sent a jugador 3 |
| 35:10 | DL-ĐệNhị · tribute_sent a jugador 4 |
| 35:10 | DL-ĐệNhị · tribute_sent a jugador 5 |
| 35:10 | DL-ĐệNhị · tribute_sent a jugador 6 |
| 35:10 | DL-ĐệNhị · tribute_sent a jugador 8 |
| 35:41 | JB · first_building Siege Workshop |
| 35:46 | AttilathePun463 · first_building Siege Workshop |
| 36:13 | MarginCall · first_building Stable |
| 36:14 | DL-ĐệNhị · tribute_sent a jugador 1 |
| 36:14 | DL-ĐệNhị · tribute_sent a jugador 2 |
| 36:14 | DL-ĐệNhị · tribute_sent a jugador 3 |
| 36:14 | DL-ĐệNhị · tribute_sent a jugador 4 |
| 36:14 | DL-ĐệNhị · tribute_sent a jugador 5 |
| 36:14 | DL-ĐệNhị · tribute_sent a jugador 6 |
| 36:14 | DL-ĐệNhị · tribute_sent a jugador 8 |
| 36:20 | MarginCall · first_building Castle |
| 38:17 | robo_boro · wall_segment Stone Wall x7 |
| 40:04 | robo_boro · wall_segment Stone Wall x3 |
| 40:08 | robo_boro · wall_segment Stone Wall x8 |
| 40:21 | robo_boro · first_building Siege Workshop |
| 40:29 | DL-ĐệNhị · tribute_sent a jugador 1 |
| 40:29 | DL-ĐệNhị · tribute_sent a jugador 2 |
| 40:29 | DL-ĐệNhị · tribute_sent a jugador 3 |
| 40:29 | DL-ĐệNhị · tribute_sent a jugador 4 |
| 40:29 | DL-ĐệNhị · tribute_sent a jugador 5 |
| 40:29 | DL-ĐệNhị · tribute_sent a jugador 6 |
| 40:29 | DL-ĐệNhị · tribute_sent a jugador 8 |
| 40:37 | robo_boro · tribute_sent a jugador 2 |
| 40:37 | robo_boro · tribute_sent a jugador 3 |
| 40:37 | robo_boro · tribute_sent a jugador 4 |
| 40:37 | robo_boro · tribute_sent a jugador 5 |
| 40:37 | robo_boro · tribute_sent a jugador 6 |
| 40:37 | robo_boro · tribute_sent a jugador 7 |
| 40:37 | robo_boro · tribute_sent a jugador 8 |
| 41:39 | robo_boro · wall_segment Stone Wall x9 |
| 41:41 | robo_boro · wall_segment Stone Wall x10 |
| 42:32 | robo_boro · wall_segment Stone Wall x7 |
| 42:34 | robo_boro · wall_segment Stone Wall x4 |
| 42:35 | robo_boro · wall_segment Stone Wall x3 |
| 43:23 | robo_boro · tribute_sent a jugador 2 |
| 43:23 | robo_boro · tribute_sent a jugador 3 |
| 43:23 | robo_boro · tribute_sent a jugador 4 |
| 43:23 | robo_boro · tribute_sent a jugador 5 |
| 43:23 | robo_boro · tribute_sent a jugador 6 |
| 43:23 | robo_boro · tribute_sent a jugador 7 |
| 43:23 | robo_boro · tribute_sent a jugador 8 |
| 44:44 | robo_boro · tribute_sent a jugador 2 |
| 44:44 | robo_boro · tribute_sent a jugador 3 |
| 44:44 | robo_boro · tribute_sent a jugador 4 |
| 44:44 | robo_boro · tribute_sent a jugador 5 |
| 44:44 | robo_boro · tribute_sent a jugador 6 |
| 44:44 | robo_boro · tribute_sent a jugador 7 |
| 44:44 | robo_boro · tribute_sent a jugador 8 |
| 44:47 | DL-ĐệNhị · tribute_sent a jugador 1 |
| 44:47 | DL-ĐệNhị · tribute_sent a jugador 2 |
| 44:47 | DL-ĐệNhị · tribute_sent a jugador 3 |
| 44:47 | DL-ĐệNhị · tribute_sent a jugador 4 |
| 44:47 | DL-ĐệNhị · tribute_sent a jugador 5 |
| 44:47 | DL-ĐệNhị · tribute_sent a jugador 6 |
| 44:47 | DL-ĐệNhị · tribute_sent a jugador 8 |
| 45:57 | Shiva · first_building Castle |
| 46:27 | Lubbock · first_building Archery Range |
| 46:59 | AttilathePun463 · wall_segment Stone Wall x5 |
| 47:00 | AttilathePun463 · wall_segment Stone Wall x1 |
| 47:00 | AttilathePun463 · wall_segment Stone Wall x1 |
| 47:01 | AttilathePun463 · wall_segment Stone Wall x1 |
| 47:29 | robo_boro · tribute_sent a jugador 2 |
| 47:29 | robo_boro · tribute_sent a jugador 3 |
| 47:29 | robo_boro · tribute_sent a jugador 4 |
| 47:29 | robo_boro · tribute_sent a jugador 5 |
| 47:29 | robo_boro · tribute_sent a jugador 6 |
| 47:29 | robo_boro · tribute_sent a jugador 7 |
| 47:29 | robo_boro · tribute_sent a jugador 8 |
| 47:31 | DL-ĐệNhị · tribute_sent a jugador 1 |
| 47:31 | DL-ĐệNhị · tribute_sent a jugador 2 |
| 47:31 | DL-ĐệNhị · tribute_sent a jugador 3 |
| 47:31 | DL-ĐệNhị · tribute_sent a jugador 4 |
| 47:31 | DL-ĐệNhị · tribute_sent a jugador 5 |
| 47:31 | DL-ĐệNhị · tribute_sent a jugador 6 |
| 47:31 | DL-ĐệNhị · tribute_sent a jugador 8 |
| 48:24 | robo_boro · wall_segment Stone Wall x1 |
| 49:27 | DL-ĐệNhị · wall_segment Stone Wall x7 |
| 49:35 | robo_boro · tribute_sent a jugador 2 |
| 49:35 | robo_boro · tribute_sent a jugador 3 |
| 49:35 | robo_boro · tribute_sent a jugador 4 |
| 49:35 | robo_boro · tribute_sent a jugador 5 |
| 49:35 | robo_boro · tribute_sent a jugador 6 |
| 49:35 | robo_boro · tribute_sent a jugador 7 |
| 49:35 | robo_boro · tribute_sent a jugador 8 |
| 49:42 | AttilathePun463 · tribute_sent a jugador 1 |
| 49:42 | AttilathePun463 · tribute_sent a jugador 3 |
| 49:42 | AttilathePun463 · tribute_sent a jugador 4 |
| 49:42 | AttilathePun463 · tribute_sent a jugador 5 |
| 49:43 | AttilathePun463 · tribute_sent a jugador 6 |
| 49:43 | AttilathePun463 · tribute_sent a jugador 7 |
| 49:43 | AttilathePun463 · tribute_sent a jugador 8 |
| 49:47 | JB · wall_segment Stone Wall x1 |
| 49:59 | robo_boro · wall_segment Palisade Wall x1 |
| 50:00 | robo_boro · wall_segment Palisade Wall x1 |
| 50:01 | robo_boro · wall_segment Palisade Wall x1 |
| 50:31 | JB · wall_segment Stone Wall x1 |
| 51:20 | robo_boro · wall_segment Stone Wall x8 |
| 51:21 | robo_boro · wall_segment Stone Wall x6 |
| 51:25 | robo_boro · tribute_sent a jugador 2 |
| 51:25 | robo_boro · tribute_sent a jugador 3 |
| 51:25 | robo_boro · tribute_sent a jugador 4 |
| 51:25 | robo_boro · tribute_sent a jugador 5 |
| 51:25 | robo_boro · tribute_sent a jugador 6 |
| 51:25 | robo_boro · tribute_sent a jugador 7 |
| 51:25 | robo_boro · tribute_sent a jugador 8 |
| 51:57 | AttilathePun463 · wall_segment Stone Wall x1 |
| 52:44 | robo_boro · tribute_sent a jugador 2 |
| 52:44 | robo_boro · tribute_sent a jugador 3 |
| 52:44 | robo_boro · tribute_sent a jugador 4 |
| 52:44 | robo_boro · tribute_sent a jugador 5 |
| 52:44 | robo_boro · tribute_sent a jugador 6 |
| 52:44 | robo_boro · tribute_sent a jugador 7 |
| 52:44 | robo_boro · tribute_sent a jugador 8 |
| 53:10 | robo_boro · tribute_sent a jugador 2 |
| 53:10 | robo_boro · tribute_sent a jugador 3 |
| 53:10 | robo_boro · tribute_sent a jugador 4 |
| 53:10 | robo_boro · tribute_sent a jugador 5 |
| 53:10 | robo_boro · tribute_sent a jugador 6 |
| 53:10 | robo_boro · tribute_sent a jugador 7 |
| 53:10 | robo_boro · tribute_sent a jugador 8 |
| 53:11 | DL-ĐệNhị · tribute_sent a jugador 1 |
| 53:11 | DL-ĐệNhị · tribute_sent a jugador 2 |
| 53:11 | DL-ĐệNhị · tribute_sent a jugador 3 |
| 53:11 | DL-ĐệNhị · tribute_sent a jugador 4 |
| 53:11 | DL-ĐệNhị · tribute_sent a jugador 5 |
| 53:11 | DL-ĐệNhị · tribute_sent a jugador 6 |
| 53:11 | DL-ĐệNhị · tribute_sent a jugador 8 |
| 54:07 | AttilathePun463 · wall_segment Stone Wall x1 |
| 54:17 | MarginCall · wall_segment Stone Wall x6 |
| 54:19 | Shiva · first_building Siege Workshop |
| 54:40 | robo_boro · tribute_sent a jugador 2 |
| 54:40 | robo_boro · tribute_sent a jugador 3 |
| 54:40 | robo_boro · tribute_sent a jugador 4 |
| 54:40 | robo_boro · tribute_sent a jugador 5 |
| 54:40 | robo_boro · tribute_sent a jugador 6 |
| 54:40 | robo_boro · tribute_sent a jugador 7 |
| 54:40 | robo_boro · tribute_sent a jugador 8 |
| 54:42 | DL-ĐệNhị · tribute_sent a jugador 1 |
| 54:42 | DL-ĐệNhị · tribute_sent a jugador 2 |
| 54:42 | DL-ĐệNhị · tribute_sent a jugador 3 |
| 54:42 | DL-ĐệNhị · tribute_sent a jugador 4 |
| 54:42 | DL-ĐệNhị · tribute_sent a jugador 5 |
| 54:42 | DL-ĐệNhị · tribute_sent a jugador 6 |
| 54:42 | DL-ĐệNhị · tribute_sent a jugador 8 |
| 55:22 | robo_boro · wall_segment Stone Wall x10 |
| 55:33 | robo_boro · wall_segment Stone Wall x6 |
| 55:42 | DL-ĐệNhị · tribute_sent a jugador 1 |
| 55:42 | DL-ĐệNhị · tribute_sent a jugador 2 |
| 55:42 | DL-ĐệNhị · tribute_sent a jugador 3 |
| 55:42 | DL-ĐệNhị · tribute_sent a jugador 4 |
| 55:43 | DL-ĐệNhị · tribute_sent a jugador 5 |
| 55:43 | DL-ĐệNhị · tribute_sent a jugador 6 |
| 55:43 | DL-ĐệNhị · tribute_sent a jugador 8 |
| 56:26 | DL-ĐệNhị · tribute_sent a jugador 1 |
| 56:26 | DL-ĐệNhị · tribute_sent a jugador 2 |
| 56:26 | DL-ĐệNhị · tribute_sent a jugador 3 |
| 56:26 | DL-ĐệNhị · tribute_sent a jugador 4 |
| 56:26 | DL-ĐệNhị · tribute_sent a jugador 5 |
| 56:26 | DL-ĐệNhị · tribute_sent a jugador 6 |
| 56:26 | DL-ĐệNhị · tribute_sent a jugador 8 |
| 58:02 | robo_boro · tribute_sent a jugador 2 |
| 58:02 | robo_boro · tribute_sent a jugador 3 |
| 58:02 | robo_boro · tribute_sent a jugador 4 |
| 58:02 | robo_boro · tribute_sent a jugador 5 |
| 58:02 | robo_boro · tribute_sent a jugador 6 |
| 58:02 | robo_boro · tribute_sent a jugador 7 |
| 58:02 | robo_boro · tribute_sent a jugador 8 |
| 59:08 | robo_boro · wall_segment Stone Wall x1 |
| 59:09 | robo_boro · wall_segment Stone Wall x1 |
| 60:40 | DL-ĐệNhị · tribute_sent a jugador 1 |
| 60:40 | DL-ĐệNhị · tribute_sent a jugador 2 |
| 60:40 | DL-ĐệNhị · tribute_sent a jugador 3 |
| 60:40 | DL-ĐệNhị · tribute_sent a jugador 4 |
| 60:40 | DL-ĐệNhị · tribute_sent a jugador 5 |
| 60:40 | DL-ĐệNhị · tribute_sent a jugador 6 |
| 60:40 | DL-ĐệNhị · tribute_sent a jugador 8 |
| 61:23 | DL-ĐệNhị · tribute_sent a jugador 1 |
| 61:23 | DL-ĐệNhị · tribute_sent a jugador 2 |
| 61:23 | DL-ĐệNhị · tribute_sent a jugador 3 |
| 61:23 | DL-ĐệNhị · tribute_sent a jugador 4 |
| 61:23 | DL-ĐệNhị · tribute_sent a jugador 5 |
| 61:23 | DL-ĐệNhị · tribute_sent a jugador 6 |
| 61:23 | DL-ĐệNhị · tribute_sent a jugador 8 |
| 61:35 | Lubbock · first_building Stable |
| 61:57 | Shiva · wall_segment Palisade Wall x1 |
| 62:42 | JB · tribute_sent a jugador 1 |
| 62:42 | JB · tribute_sent a jugador 2 |
| 62:42 | JB · tribute_sent a jugador 3 |
| 62:42 | JB · tribute_sent a jugador 5 |
| 62:42 | JB · tribute_sent a jugador 6 |
| 62:42 | JB · tribute_sent a jugador 7 |
| 62:42 | JB · tribute_sent a jugador 8 |
| 63:19 | AttilathePun463 · tribute_sent a jugador 1 |
| 63:19 | AttilathePun463 · tribute_sent a jugador 3 |
| 63:19 | AttilathePun463 · tribute_sent a jugador 4 |
| 63:19 | AttilathePun463 · tribute_sent a jugador 5 |
| 63:19 | AttilathePun463 · tribute_sent a jugador 6 |
| 63:19 | AttilathePun463 · tribute_sent a jugador 7 |
| 63:19 | AttilathePun463 · tribute_sent a jugador 8 |
| 64:41 | AttilathePun463 · tribute_sent a jugador 1 |
| 64:41 | AttilathePun463 · tribute_sent a jugador 3 |
| 64:41 | AttilathePun463 · tribute_sent a jugador 4 |
| 64:41 | AttilathePun463 · tribute_sent a jugador 5 |
| 64:41 | AttilathePun463 · tribute_sent a jugador 6 |
| 64:41 | AttilathePun463 · tribute_sent a jugador 7 |
| 64:41 | AttilathePun463 · tribute_sent a jugador 8 |
| 66:10 | DL-ĐệNhị · tribute_sent a jugador 1 |
| 66:10 | DL-ĐệNhị · tribute_sent a jugador 2 |
| 66:10 | DL-ĐệNhị · tribute_sent a jugador 3 |
| 66:10 | DL-ĐệNhị · tribute_sent a jugador 4 |
| 66:10 | DL-ĐệNhị · tribute_sent a jugador 5 |
| 66:10 | DL-ĐệNhị · tribute_sent a jugador 6 |
| 66:10 | DL-ĐệNhị · tribute_sent a jugador 8 |
| 66:32 | robo_boro · wall_segment Stone Wall x1 |
| 66:58 | robo_boro · wall_segment Stone Wall x1 |
| 66:59 | robo_boro · wall_segment Stone Wall x1 |
| 67:01 | robo_boro · wall_segment Stone Wall x1 |
| 67:02 | robo_boro · wall_segment Stone Wall x1 |
| 67:06 | robo_boro · wall_segment Stone Wall x1 |
| 67:07 | robo_boro · wall_segment Stone Wall x1 |
| 67:17 | DL-ĐệNhị · tribute_sent a jugador 1 |
| 67:17 | DL-ĐệNhị · tribute_sent a jugador 2 |
| 67:17 | DL-ĐệNhị · tribute_sent a jugador 3 |
| 67:17 | DL-ĐệNhị · tribute_sent a jugador 4 |
| 67:17 | DL-ĐệNhị · tribute_sent a jugador 5 |
| 67:17 | DL-ĐệNhị · tribute_sent a jugador 6 |
| 67:17 | DL-ĐệNhị · tribute_sent a jugador 8 |
| 67:30 | AttilathePun463 · tribute_sent a jugador 1 |
| 67:30 | AttilathePun463 · tribute_sent a jugador 3 |
| 67:30 | AttilathePun463 · tribute_sent a jugador 4 |
| 67:30 | AttilathePun463 · tribute_sent a jugador 5 |
| 67:30 | AttilathePun463 · tribute_sent a jugador 6 |
| 67:30 | AttilathePun463 · tribute_sent a jugador 7 |
| 67:30 | AttilathePun463 · tribute_sent a jugador 8 |
| 68:37 | Shiva · tribute_sent a jugador 1 |
| 68:37 | Shiva · tribute_sent a jugador 2 |
| 68:37 | Shiva · tribute_sent a jugador 3 |
| 68:37 | Shiva · tribute_sent a jugador 4 |
| 68:37 | Shiva · tribute_sent a jugador 6 |
| 68:37 | Shiva · tribute_sent a jugador 7 |
| 68:37 | Shiva · tribute_sent a jugador 8 |
| 68:42 | DL-ĐệNhị · tribute_sent a jugador 1 |
| 68:42 | DL-ĐệNhị · tribute_sent a jugador 2 |
| 68:42 | DL-ĐệNhị · tribute_sent a jugador 3 |
| 68:42 | DL-ĐệNhị · tribute_sent a jugador 4 |
| 68:42 | DL-ĐệNhị · tribute_sent a jugador 5 |
| 68:42 | DL-ĐệNhị · tribute_sent a jugador 6 |
| 68:42 | DL-ĐệNhị · tribute_sent a jugador 8 |
| 69:04 | Shiva · tribute_sent a jugador 1 |
| 69:04 | Shiva · tribute_sent a jugador 2 |
| 69:04 | Shiva · tribute_sent a jugador 3 |
| 69:04 | Shiva · tribute_sent a jugador 4 |
| 69:04 | Shiva · tribute_sent a jugador 6 |
| 69:04 | Shiva · tribute_sent a jugador 7 |
| 69:04 | Shiva · tribute_sent a jugador 8 |
| 69:31 | robo_boro · wall_segment Stone Wall x1 |
| 69:34 | robo_boro · wall_segment Stone Wall x6 |
| 70:26 | DL-ĐệNhị · tribute_sent a jugador 1 |
| 70:26 | DL-ĐệNhị · tribute_sent a jugador 2 |
| 70:26 | DL-ĐệNhị · tribute_sent a jugador 3 |
| 70:26 | DL-ĐệNhị · tribute_sent a jugador 4 |
| 70:26 | DL-ĐệNhị · tribute_sent a jugador 5 |
| 70:26 | DL-ĐệNhị · tribute_sent a jugador 6 |
| 70:26 | DL-ĐệNhị · tribute_sent a jugador 8 |
| 70:44 | AttilathePun463 · tribute_sent a jugador 1 |
| 70:44 | AttilathePun463 · tribute_sent a jugador 3 |
| 70:44 | AttilathePun463 · tribute_sent a jugador 4 |
| 70:44 | AttilathePun463 · tribute_sent a jugador 5 |
| 70:44 | AttilathePun463 · tribute_sent a jugador 6 |
| 70:44 | AttilathePun463 · tribute_sent a jugador 7 |
| 70:44 | AttilathePun463 · tribute_sent a jugador 8 |
| 70:58 | Shiva · tribute_sent a jugador 1 |
| 70:58 | Shiva · tribute_sent a jugador 2 |
| 70:58 | Shiva · tribute_sent a jugador 3 |
| 70:58 | Shiva · tribute_sent a jugador 4 |
| 70:58 | Shiva · tribute_sent a jugador 6 |
| 70:58 | Shiva · tribute_sent a jugador 7 |
| 70:58 | Shiva · tribute_sent a jugador 8 |
| 72:14 | AttilathePun463 · tribute_sent a jugador 1 |
| 72:14 | AttilathePun463 · tribute_sent a jugador 3 |
| 72:14 | AttilathePun463 · tribute_sent a jugador 4 |
| 72:14 | AttilathePun463 · tribute_sent a jugador 5 |
| 72:14 | AttilathePun463 · tribute_sent a jugador 6 |
| 72:14 | AttilathePun463 · tribute_sent a jugador 7 |
| 72:14 | AttilathePun463 · tribute_sent a jugador 8 |
| 75:25 | Lubbock · tribute_sent a jugador 1 |
| 75:25 | Lubbock · tribute_sent a jugador 2 |
| 75:25 | Lubbock · tribute_sent a jugador 3 |
| 75:25 | Lubbock · tribute_sent a jugador 4 |
| 75:25 | Lubbock · tribute_sent a jugador 5 |
| 75:25 | Lubbock · tribute_sent a jugador 6 |
| 75:25 | Lubbock · tribute_sent a jugador 7 |
| 75:27 | AttilathePun463 · tribute_sent a jugador 1 |
| 75:27 | AttilathePun463 · tribute_sent a jugador 3 |
| 75:27 | AttilathePun463 · tribute_sent a jugador 4 |
| 75:27 | AttilathePun463 · tribute_sent a jugador 5 |
| 75:27 | AttilathePun463 · tribute_sent a jugador 6 |
| 75:27 | AttilathePun463 · tribute_sent a jugador 7 |
| 75:27 | AttilathePun463 · tribute_sent a jugador 8 |
| 76:47 | ĐLucky · wall_segment Stone Wall x2 |
| 77:29 | DL-ĐệNhị · tribute_sent a jugador 1 |
| 77:29 | DL-ĐệNhị · tribute_sent a jugador 2 |
| 77:29 | DL-ĐệNhị · tribute_sent a jugador 3 |
| 77:29 | DL-ĐệNhị · tribute_sent a jugador 4 |
| 77:29 | DL-ĐệNhị · tribute_sent a jugador 5 |
| 77:29 | DL-ĐệNhị · tribute_sent a jugador 6 |
| 77:29 | DL-ĐệNhị · tribute_sent a jugador 8 |
| 78:26 | AttilathePun463 · tribute_sent a jugador 1 |
| 78:26 | AttilathePun463 · tribute_sent a jugador 3 |
| 78:26 | AttilathePun463 · tribute_sent a jugador 4 |
| 78:26 | AttilathePun463 · tribute_sent a jugador 5 |
| 78:26 | AttilathePun463 · tribute_sent a jugador 6 |
| 78:26 | AttilathePun463 · tribute_sent a jugador 7 |
| 78:26 | AttilathePun463 · tribute_sent a jugador 8 |
| 78:58 | MarginCall · wall_segment Stone Wall x19 |
| 84:50 | AttilathePun463 · wall_segment Stone Wall x1 |
| 84:51 | AttilathePun463 · wall_segment Stone Wall x1 |
| 84:52 | robo_boro · wall_segment Stone Wall x6 |
| 85:56 | Lubbock · wall_segment Stone Wall x13 |
| 87:15 | AttilathePun463 · tribute_sent a jugador 1 |
| 87:15 | AttilathePun463 · tribute_sent a jugador 3 |
| 87:15 | AttilathePun463 · tribute_sent a jugador 4 |
| 87:15 | AttilathePun463 · tribute_sent a jugador 5 |
| 87:15 | AttilathePun463 · tribute_sent a jugador 6 |
| 87:15 | AttilathePun463 · tribute_sent a jugador 7 |
| 87:15 | AttilathePun463 · tribute_sent a jugador 8 |
| 88:17 | AttilathePun463 · wall_segment Stone Wall x1 |
| 88:18 | AttilathePun463 · wall_segment Stone Wall x1 |
| 88:59 | DL-ĐệNhị · tribute_sent a jugador 1 |
| 88:59 | DL-ĐệNhị · tribute_sent a jugador 2 |
| 88:59 | DL-ĐệNhị · tribute_sent a jugador 3 |
| 88:59 | DL-ĐệNhị · tribute_sent a jugador 4 |
| 88:59 | DL-ĐệNhị · tribute_sent a jugador 5 |
| 88:59 | DL-ĐệNhị · tribute_sent a jugador 6 |
| 88:59 | DL-ĐệNhị · tribute_sent a jugador 8 |
| 89:59 | AttilathePun463 · wall_segment Stone Wall x6 |
| 91:11 | AttilathePun463 · wall_segment Stone Wall x4 |
| 91:22 | robo_boro · tribute_sent a jugador 2 |
| 91:22 | robo_boro · tribute_sent a jugador 3 |
| 91:22 | robo_boro · tribute_sent a jugador 4 |
| 91:23 | robo_boro · tribute_sent a jugador 5 |
| 91:23 | robo_boro · tribute_sent a jugador 6 |
| 91:23 | robo_boro · tribute_sent a jugador 7 |
| 91:23 | robo_boro · tribute_sent a jugador 8 |
| 92:26 | robo_boro · tribute_sent a jugador 2 |
| 92:26 | robo_boro · tribute_sent a jugador 3 |
| 92:26 | robo_boro · tribute_sent a jugador 4 |
| 92:26 | robo_boro · tribute_sent a jugador 5 |
| 92:26 | robo_boro · tribute_sent a jugador 6 |
| 92:26 | robo_boro · tribute_sent a jugador 7 |
| 92:26 | robo_boro · tribute_sent a jugador 8 |
| 92:26 | DL-ĐệNhị · tribute_sent a jugador 1 |
| 92:26 | DL-ĐệNhị · tribute_sent a jugador 2 |
| 92:26 | DL-ĐệNhị · tribute_sent a jugador 3 |
| 92:26 | DL-ĐệNhị · tribute_sent a jugador 4 |
| 92:26 | DL-ĐệNhị · tribute_sent a jugador 5 |
| 92:26 | DL-ĐệNhị · tribute_sent a jugador 6 |
| 92:26 | DL-ĐệNhị · tribute_sent a jugador 8 |
| 92:34 | MarginCall · wall_segment Stone Wall x1 |
| 93:53 | AttilathePun463 · tribute_sent a jugador 1 |
| 93:53 | AttilathePun463 · tribute_sent a jugador 3 |
| 93:53 | AttilathePun463 · tribute_sent a jugador 4 |
| 93:53 | AttilathePun463 · tribute_sent a jugador 5 |
| 93:53 | AttilathePun463 · tribute_sent a jugador 6 |
| 93:53 | AttilathePun463 · tribute_sent a jugador 7 |
| 93:53 | AttilathePun463 · tribute_sent a jugador 8 |
| 95:41 | robo_boro · wall_segment Stone Wall x4 |
| 95:53 | robo_boro · wall_segment Stone Wall x1 |
| 96:01 | robo_boro · wall_segment Stone Wall x4 |
| 96:09 | robo_boro · tribute_sent a jugador 2 |
| 96:09 | robo_boro · tribute_sent a jugador 3 |
| 96:09 | robo_boro · tribute_sent a jugador 4 |
| 96:09 | robo_boro · tribute_sent a jugador 5 |
| 96:09 | robo_boro · tribute_sent a jugador 6 |
| 96:09 | robo_boro · tribute_sent a jugador 7 |
| 96:09 | robo_boro · tribute_sent a jugador 8 |
| 96:10 | DL-ĐệNhị · tribute_sent a jugador 1 |
| 96:10 | DL-ĐệNhị · tribute_sent a jugador 2 |
| 96:10 | DL-ĐệNhị · tribute_sent a jugador 3 |
| 96:10 | DL-ĐệNhị · tribute_sent a jugador 4 |
| 96:10 | DL-ĐệNhị · tribute_sent a jugador 5 |
| 96:10 | DL-ĐệNhị · tribute_sent a jugador 6 |
| 96:10 | DL-ĐệNhị · tribute_sent a jugador 8 |
| 96:19 | AttilathePun463 · tribute_sent a jugador 1 |
| 96:19 | AttilathePun463 · tribute_sent a jugador 3 |
| 96:19 | AttilathePun463 · tribute_sent a jugador 4 |
| 96:19 | AttilathePun463 · tribute_sent a jugador 5 |
| 96:19 | AttilathePun463 · tribute_sent a jugador 6 |
| 96:19 | AttilathePun463 · tribute_sent a jugador 7 |
| 96:19 | AttilathePun463 · tribute_sent a jugador 8 |
| 96:32 | AttilathePun463 · tribute_sent a jugador 1 |
| 96:32 | AttilathePun463 · tribute_sent a jugador 3 |
| 96:32 | AttilathePun463 · tribute_sent a jugador 4 |
| 96:32 | AttilathePun463 · tribute_sent a jugador 5 |
| 96:32 | AttilathePun463 · tribute_sent a jugador 6 |
| 96:32 | AttilathePun463 · tribute_sent a jugador 7 |
| 96:32 | AttilathePun463 · tribute_sent a jugador 8 |
| 99:13 | MarginCall · wall_segment Stone Wall x1 |
| 99:40 | DL-ĐệNhị · tribute_sent a jugador 1 |
| 99:40 | DL-ĐệNhị · tribute_sent a jugador 2 |
| 99:40 | DL-ĐệNhị · tribute_sent a jugador 3 |
| 99:40 | DL-ĐệNhị · tribute_sent a jugador 4 |
| 99:40 | DL-ĐệNhị · tribute_sent a jugador 5 |
| 99:40 | DL-ĐệNhị · tribute_sent a jugador 6 |
| 99:40 | DL-ĐệNhị · tribute_sent a jugador 8 |
| 99:52 | AttilathePun463 · first_building Archery Range |
| 100:16 | robo_boro · wall_segment Stone Wall x4 |
| 100:56 | Lubbock · wall_segment Stone Wall x7 |
| 103:36 | robo_boro · wall_segment Stone Wall x12 |
| 103:38 | AttilathePun463 · tribute_sent a jugador 1 |
| 103:38 | AttilathePun463 · tribute_sent a jugador 3 |
| 103:38 | AttilathePun463 · tribute_sent a jugador 4 |
| 103:38 | AttilathePun463 · tribute_sent a jugador 5 |
| 103:38 | AttilathePun463 · tribute_sent a jugador 6 |
| 103:38 | AttilathePun463 · tribute_sent a jugador 7 |
| 103:38 | AttilathePun463 · tribute_sent a jugador 8 |
| 103:38 | MarginCall · tribute_sent a jugador 1 |
| 103:38 | MarginCall · tribute_sent a jugador 2 |
| 103:38 | MarginCall · tribute_sent a jugador 3 |
| 103:38 | MarginCall · tribute_sent a jugador 4 |
| 103:38 | MarginCall · tribute_sent a jugador 5 |
| 103:38 | MarginCall · tribute_sent a jugador 7 |
| 103:38 | MarginCall · tribute_sent a jugador 8 |
| 103:43 | robo_boro · wall_segment Stone Wall x9 |
| 103:48 | AttilathePun463 · tribute_sent a jugador 1 |
| 103:48 | AttilathePun463 · tribute_sent a jugador 3 |
| 103:48 | AttilathePun463 · tribute_sent a jugador 4 |
| 103:48 | AttilathePun463 · tribute_sent a jugador 5 |
| 103:48 | AttilathePun463 · tribute_sent a jugador 6 |
| 103:48 | AttilathePun463 · tribute_sent a jugador 7 |
| 103:48 | AttilathePun463 · tribute_sent a jugador 8 |
| 104:06 | ĐLucky · resign |
[ AI ANALYSIS · 1 CREDIT ]
What really happened in this match?
Wolo.gg analyzes every decision: build order, eco, micro, common mistakes by bracket. Personalized analysis on WhatsApp or Discord in 30 seconds.
Civ guide
Burmese
Perfil
robo